Map: Ice and Chrome LE

Players

Arctur - Winner!

  • Race: Terran Terran
  • Spawn Location: 7:00

KingCobra

  • Race: Protoss Protoss
  • Spawn Location: 1:00

Event: DreamHack SC2 Masters 2020 Fall

VOD

Have the link to the VOD?

Description

Time

  • Played on: Aug. 29, 2020, 12:19 p.m.
  • Length: 11:37

All games in this series

Show
View Real Time Build Order
Export as new Build Order

Arctur Terran - Winner!

Build Orders:  

Get SALT Encoding   

  12  0:00  SCV  
  13  0:12  SCV  
  14  0:17  Supply Depot  
  14  0:24  SCV  
  15  0:38  Barracks, SCV  
  16  0:44  Refinery  
  16  0:50  SCV  
  16  0:55  Refinery  
  17  1:02  SCV  
  18  1:15  SCV  
  20  1:25  Reaper  
  20  1:27  Orbital Command  
  20  1:31  Supply Depot  
  20  1:45  Factory  
  20  1:52  SCV  
  21  1:57  Reaper  
  22  2:04  SCV  
  23  2:17  SCV  
  24  2:25  Bunker  
  24  2:29  Hellion, SCV  
  27  2:31  Reaper  
  28  2:43  Command Center  
  27  2:50  Hellion  
  29  2:52  SCV, Supply Depot  
  29  3:11  Barracks Reactor  
  29  3:17  SCV  
  30  3:20  Starport  
  30  3:22  Factory Tech Lab  
  30  3:31  SCV  
  28  3:50  SCV  
  28  3:51  Marine x2  
  28  3:54  Cyclone  
  32  3:56  Orbital Command  
  32  4:03  SCV  
  32  4:05  Viking  
  34  4:12  Marine x2  
  34  4:15  SCV  
  37  4:20  Supply Depot  
  37  4:21  SCV  
  37  4:23  Refinery  
  38  4:26  Cyclone  
  38  4:27  SCV  
  38  4:29  Marine x2  
  44  4:38  Viking  
  44  4:39  Supply Depot  
  44  4:40  SCV x2  
  48  4:47  Supply Depot  
  48  4:48  Marine x2  
  51  4:52  SCV  
  51  4:53  SCV  
  51  4:57  Barracks  
  52  5:04  Barracks, SCV  
  52  5:05  SCV  
  54  5:17  SCV  
  50  5:31  Marine x2  
  50  5:33  SCV  
  50  5:34  Refinery, SCV  
  50  5:35  Engineering Bay  
  47  5:37  Supply Depot  
  47  5:40  Starport Tech Lab, Factory Tech Lab  
  45  5:44  Command Center  
  45  5:46  SCV x2  
  47  5:51  Supply Depot  
  47  5:56  Marine x2  
  49  5:58  SCV x2  
  49  5:59  Stimpack, Marauder  
  49  6:01  Terran Infantry Weapons Level 1  
  53  6:05  Starport Reactor, Marine  
  53  6:06  Factory Reactor  
  53  6:08  Combat Shield  
  53  6:10  SCV x2  
  56  6:14  Marine x2  
  56  6:16  Barracks  
  58  6:20  Barracks  
  58  6:22  SCV  
  58  6:23  Marauder  
  58  6:24  Marauder  
  63  6:30  Supply Depot  
  63  6:32  Marine  
  64  6:33  SCV  
  64  6:34  SCV  
  66  6:41  Medivac x2  
  66  6:44  Widow Mine, Marine  
  66  6:45  Marauder, Widow Mine  
  66  6:46  Marine  
  78  6:50  Refinery, Marine  
  78  6:53  SCV x2  
  81  6:56  Missile Turret  
  81  6:59  Orbital Command  
  81  7:02  Marine  
  81  7:04  Marine  
  81  7:05  SCV x2  
  81  7:08  Marine  
  85  7:11  Barracks Reactor  
  86  7:16  Missile Turret, Marauder, Marine  
  86  7:17  SCV x2  
  86  7:20  Orbital Command, Marine  
  92  7:24  Marauder  
  92  7:26  Marine  
  92  7:29  SCV x2  
  97  7:34  Marauder  
  99  7:37  Marine  
  99  7:38  Concussive Shells  
  99  7:40  Marine  
  99  7:42  Missile Turret, SCV  
  99  7:43  SCV  
  99  7:44  Marine  
  103  7:45  Marauder  
  106  7:54  SCV  
  106  7:55  SCV  
  98  8:03  Marauder, Marine  
  98  8:05  Medivac, Marauder, Marine x2  
  91  8:06  Medivac, SCV, Marine  
  91  8:07  Marauder  
  91  8:08  SCV x2  
  91  8:11  Terran Infantry Armor Level 1  
  101  8:15  Widow Mine  
  101  8:18  SCV  
  104  8:20  SCV x2, Marine  
  104  8:22  Marine x2  
  104  8:24  Marauder, Marine  
  104  8:25  Supply Depot  
  114  8:30  SCV  
  113  8:35  Medivac x2  
  117  8:45  Supply Depot, Marine x2  
  117  8:46  Barracks  
  117  8:47  Marauder, Marine  
  120  8:48  Supply Depot  
  120  8:49  Barracks  
  120  8:50  Barracks  
  120  9:02  Command Center  
  118  9:05  Medivac x2, Marine  
  118  9:06  Marauder, Marine  
  118  9:07  Marauder  
  128  9:13  Supply Depot  
  128  9:14  Marauder  
  128  9:15  Refinery  
  130  9:18  Supply Depot, Marine  
  112  9:39  Marine  
  112  9:40  Marauder  
  112  9:42  Marauder, Marine x2  
  113  9:46  Marauder, Widow Mine x2, Marine x2  
  113  9:47  Barracks Tech Lab  
  113  9:48  Barracks Tech Lab  
  111  9:57  Medivac x2, Marine  
  116  10:00  Marine  
  116  10:01  Marauder  
  116  10:04  Marauder  
  116  10:05  Marauder  
  127  10:07  Marauder, Widow Mine x2  
  127  10:08  Marine  
  127  10:09  Armory, Marauder  
  127  10:12  Marine x2  
  132  10:15  Marine  
  132  10:18  Orbital Command, Marine  
  134  10:22  Marine  
  134  10:25  Marine  
  134  10:26  Marine  
  134  10:27  Marauder  
  141  10:28  Widow Mine  
  141  10:29  Marauder  
  141  10:30  Marine x2  
  141  10:33  Missile Turret  
  141  10:34  Marine x2  
  147  10:39  Marine  
  147  10:41  Marauder  
  150  10:43  Marauder  
  150  10:44  Marine  
  150  10:48  Refinery, Marauder x2  
  157  10:50  Marauder  
  157  10:54  Marine  
  160  11:03  Marine  
  160  11:04  Marauder x2, Marine  
  162  11:09  Marine  
  162  11:10  Marauder  
  165  11:17  Marine  
  165  11:18  Marine  
Show
View Real Time Build Order
Export as new Build Order

KingCobra Protoss 

Build Orders: Phoenix Opening 

Get SALT Encoding   

  12  0:00  Probe  
  13  0:12  Probe  
  14  0:17  Pylon  
  14  0:24  Probe  
  15  0:37  Gateway  
  15  0:38  Probe (Chrono Boost)  
  16  0:48  Assimilator, Probe (Chrono Boost)  
  17  0:53  Probe (Chrono Boost)  
  18  1:05  Probe (Chrono Boost)  
  18  1:09  Assimilator  
  19  1:16  Probe (Chrono Boost)  
  20  1:21  Probe (Chrono Boost)  
  21  1:25  Cybernetics Core  
  22  1:32  Probe  
  22  1:34  Pylon  
  22  1:45  Probe  
  23  1:57  Nexus  
  23  2:01  Pylon  
  23  2:04  Adept (Chrono Boost)  
  24  2:19  Stargate  
  24  2:24  Probe  
  25  2:30  Sentry  
  25  2:36  Probe  
  27  2:48  Probe  
  28  2:54  Warp Gate  
  28  2:55  Pylon  
  28  3:07  Phoenix (Chrono Boost)  
  28  3:08  Adept (Chrono Boost)  
  30  3:16  Shield Battery  
  30  3:19  Probe  
  31  3:23  Probe  
  29  3:27  Phoenix (Chrono Boost)  
  29  3:32  Probe  
  30  3:35  Adept (Chrono Boost)  
  28  3:52  Probe  
  28  3:53  Phoenix  
  26  4:05  Probe  
  27  4:10  Probe (Chrono Boost)  
  27  4:17  Probe (Chrono Boost)  
  27  4:22  Robotics Facility, Probe (Chrono Boost)  
  29  4:29  Probe (Chrono Boost)  
  29  4:31  Probe (Chrono Boost)  
  31  4:33  Probe (Chrono Boost)  
  31  4:36  Probe  
  33  4:43  Probe  
  33  4:44  Adept  
  36  4:48  Probe  
  37  4:55  Probe  
  37  4:58  Phoenix  
  40  5:00  Probe  
  41  5:07  Probe  
  42  5:20  Immortal (Chrono Boost)  
  44  5:29  Probe (Chrono Boost)  
  44  5:31  Stalker, Probe (Chrono Boost)  
  46  5:36  Assimilator  
  46  5:38  Assimilator  
  46  5:41  Probe (Chrono Boost)  
  48  5:46  Probe (Chrono Boost)  
  48  5:47  Probe (Chrono Boost)  
  48  5:48  Pylon  
  49  5:52  Observer  
  49  5:53  Probe  
  49  5:55  Probe  
  49  5:56  Sentry  
  54  6:01  Gateway  
  54  6:06  Probe  
  54  6:08  Robotics Bay, Probe  
  56  6:12  Pylon  
  56  6:18  Probe  
  56  6:20  Probe  
  56  6:23  Observer  
  56  6:25  Pylon  
  59  6:27  Gateway  
  59  6:30  Probe  
  60  6:34  Pylon  
  60  6:40  Probe  
  60  6:43  Probe  
  62  6:51  Colossus (Chrono Boost)  
  62  7:00  Phoenix  
  70  7:02  Observer  
  70  7:03  Nexus  
  70  7:08  Pylon  
  70  7:13  Probe x2  
  70  7:15  Shield Battery  
  72  7:22  Forge  
  72  7:27  Phoenix  
  72  7:29  Disruptor (Chrono Boost)  
  74  7:31  Zealot  
  74  7:36  Zealot x2  
  83  7:43  Shield Battery  
  83  7:45  Pylon  
  77  8:03  Zealot x3  
  75  8:11  Disruptor (Chrono Boost)  
  75  8:12  Probe x2  
  80  8:14  Phoenix (Chrono Boost)  
  80  8:16  Shield Battery  
  80  8:17  Photon Cannon  
  81  8:22  Probe  
  81  8:24  Probe x2  
  84  8:31  Photon Cannon  
  84  8:33  Shield Battery  
  84  8:34  Probe  
  84  8:38  Zealot x3  
  89  8:43  Disruptor (Chrono Boost)  
  92  8:50  Photon Cannon  
  92  8:51  Phoenix (Chrono Boost)  
  92  8:52  Probe  
  92  8:53  Observer, Probe x2  
  95  9:07  Probe x3  
  95  9:09  Assimilator  
  98  9:12  Shield Battery  
  98  9:13  Assimilator, Phoenix (Chrono Boost)  
  100  9:20  Stargate  
  100  9:23  Robotics Facility  
  99  9:27  Zealot x3  
  96  9:48  Phoenix  
  96  9:52  Disruptor (Chrono Boost)  
  98  9:56  Probe  
  98  9:57  Probe x2  
  104  10:01  Pylon  
  104  10:04  Photon Cannon  
  104  10:05  Shield Battery, Photon Cannon  
  104  10:13  Zealot x3  
  110  10:18  Disruptor (Chrono Boost)  
  113  10:24  Disruptor (Chrono Boost)  
  114  10:33  Phoenix x2  
  114  10:34  Fleet Beacon  
  118  10:37  Pylon  
  118  10:44  Probe x3  
  118  10:47  Pylon  
  121  10:53  Zealot x2  
  123  10:57  Disruptor x2  
  127  11:06  Zealot  
  85  11:29  Zealot x3  

Tags
 
Add a new tag
Caveats
  • Supply blocks, unpowered buildings, or Contaminate may cause inaccurate times.
  • Supply counts are checked every 10 seconds.